 Dungeon Crawl Stone Soup version 0.29-a0-993-g4a18f31a58 (webtiles) character file.

Game seed: 15622980362811419215

7550 Newt the Spear-Bearer (level 10, -10/76 HPs)
             Began as a Demonspawn Monk on Aug 2, 2022.
             Was an Initiate of Gozag.
             Mangled by a two-headed ogre
             ... wielding a +0 giant club
              (12 damage)
             ... on level 10 of the Dungeon.
             The game lasted 00:23:49 (12391 turns).

Newt the Spear-Bearer (Demonspawn Monk)            Turns: 12391, Time: 00:23:51

Health: -10/76     AC: 16    Str: 16    XL:     10   Next: 96%
Magic:  17/17      EV: 14    Int: 12    God:    Gozag
Gold:   1232       SH:  0    Dex: 15    Spells: 16/19 levels left

rFire   . . .      SeeInvis .   e - +1 glaive (venom)
rCold   . . .      Faith    .   (shield currently unavailable)
rNeg    . . .      Spirit   .   i - +0 leather armour
rPois   .          Reflect  .   c - +2 hat {Stlth+}
rElec   .          Harm     .   (no cloak)
rCorr   .          Rampage  .   r - +1 pair of gloves
Will    .....                   (no boots)
Stlth   +++.......              (no amulet)
HPRegen 0.22/turn               (no ring)
MPRegen 0.15/turn               (no ring)

@: sanguine armoured, slowed, very slow
A: hooves 2, demonic guardian 2, sanguine armour 2, demonic magic 1
a: Renounce Religion, Potion Petition, Call Merchant, Bribe Branch


You were on level 10 of the Dungeon.
You worshipped Gozag.
Gozag was most pleased with you.
You visited 2 branches of the dungeon, and saw 12 of its levels.

You collected 1450 gold pieces.
You spent 218 gold pieces at shops.

Inventory:

Hand Weapons
 a - a +0 mace
 d - a +2 glaive of flaming
 e - a +1 glaive of venom (weapon)
 t - a +0 whip
Missiles
 s - 5 curare-tipped darts
 B - a throwing net
Armour
 b - a +0 robe
 c - a +2 hat of stealth (worn)
 i - a +0 leather armour (worn)
 n - a +2 pair of boots
 r - a +1 pair of gloves (worn)
 C - an orb of light
Magical Staves
 E - a staff of air
Jewellery
 m - a ring of ice
 y - a ring of ice
 F - a ring of poison resistance
Wands
 D - a wand of flame (14)
 J - a wand of roots (6)
 L - a wand of charming (3)
Scrolls
 l - 2 scrolls of magic mapping
 u - 2 scrolls of brand weapon
 x - a scroll of fear
Potions
 f - a potion of cancellation
 g - a potion of brilliance
 h - 2 potions of degeneration {unknown}
 j - 4 potions of berserk rage {unknown}
 k - a potion of curing
 o - 2 potions of might {unknown}
 p - 3 potions of attraction
 q - 2 potions of lignification {unknown}
 w - 2 potions of flight
 z - a potion of haste {unknown}
 A - a potion of magic


   Skills:
 + Level 5.9 Fighting
 - Level 2.6(2.7) Maces & Flails
 * Level 10.4 Polearms
 - Level 0.1(6.8) Staves
 * Level 5.4 Armour
 + Level 5.1 Dodging
 - Level 1.8 Stealth
 * Level 5.0 Spellcasting
 * Level 5.1 Transmutations
 - Level 1.5 Evocations


You had 16 spell levels left.
You knew the following spells:

 Your Spells              Type           Power      Damage    Failure   Level
a - Wereblood             Tmut           15%        N/A       4%          2
b - Beastly Appendage     Tmut           30%        N/A       2%          1

Your spell library contained the following spells:

 Spells                   Type           Power      Damage    Failure   Level
 Apportation              Tloc           6%         N/A       24%         1
 Foxfire                  Conj/Fire      12%        2x1d4     24%         1
 Necrotise                Necr           12%        1d4       24%         1
 Summon Small Mammal      Summ           12%        N/A       24%         1
 Spider Form              Tmut/Pois      9%         N/A       24%         3
 Conjure Flame            Conj/Fire      3%         6-21      56%         3
 Inner Flame              Hex/Fire       3%         N/A       56%         3
 Ozocubu's Armour         Ice            3%         N/A       56%         3
 Flame Wave               Conj/Fire      3%         2d5       93%         4
 Metabolic Englaciation   Hex/Ice        1%         N/A       100%        5
 Simulacrum               Ice/Necr       Unusable   N/A       N/A         6

Dungeon Overview and Level Annotations

Branches:
Dungeon (11/15)            Temple (1/1) D:5
   Lair: D:8-11         Orc: D:9-12

Altars:
Ashenzari
Cheibriados
Dithmenos
Fedhas
Gozag
Hepliaklqana
Kikubaaqudgha
Makhleb
Nemelex Xobeh
Okawaru
Qazlal
Ru
Sif Muna
Trog
Uskayaw
Vehumet
Wu Jian
Xom

Shops:
D:5 (


Innate Abilities, Weirdness & Mutations

You have hoof-like feet.
A demonic guardian rushes to your aid.
When seriously injured, your blood forms thick armour. (AC +9)
Spells you cast may paralyse adjacent enemies.


Message History

Your primal bloodlust has ended.
Found a scroll of identify.
There is a stone staircase leading up here.
You climb upwards.
There is a stone staircase leading down here.
You start resting.
Your blood armour dries and flakes away.
You start resting.
HP restored.
You climb downwards.
The two-headed ogre shouts in stereo!
The wraith hits you. The wraith drains your vigour!
You feel yourself slow down. The wraith hits you.
There is a stone staircase leading up here.
You barely miss the wraith. Your kick misses the wraith. The wraith misses you.
You hit the wraith but do no damage. The wraith hits you!
The wraith misses you.
The two-headed ogre hits you with a +0 giant club! x2
Your blood congeals into armour.
The wraith barely misses you. The wraith closely misses you.
You climb upwards.
There is a stone staircase leading down here.
You hit the two-headed ogre.
The two-headed ogre is poisoned.
You kick the two-headed ogre.
The two-headed ogre is moderately wounded.
The two-headed ogre closely misses you. x2; The wraith closely misses you.
The two-headed ogre hits you with a +0 giant club!!
* * * LOW HITPOINT WARNING * * *
The two-headed ogre closely misses you. The wraith closely misses you.
Aiming: Charm
Press: ? - help, Q - select action, (/) - cycle Shift-Dir - straight line, f - two-headed ogre
Aim: a two-headed ogre, wielding two +0 giant clubs (moderately wounded, very poisoned, chance to affect: 35%)
The two-headed ogre easily resists.
The wraith barely misses you.
The two-headed ogre hits you with a +0 giant club!
* * * LOW HITPOINT WARNING * * *
A demonic guardian appears!
The two-headed ogre hits you with a +0 giant club!
You die...
Your body crumbles into a pile of gold.

#........'........##~~~.
#........#.........##.~.
#........#.........##..~
#........#.....)....#...
#........#..............
#........##...##.##....#
#.....4...#...##.##....#
#.###...W.+.......#.....
#.# #..@..#.......#.....
#.# #.O...#.......#.....
#.###.....#.......#.....
#.........############'#
#......................#
#......................#
#...###############....#
#...# #....#
#...###############....#


You could see a two-headed ogre (very poisoned), a wraith (ally target) and a
friendly rust devil (summoned).

Vanquished Creatures
  A two-headed ogre (D:7)
  An ugly thing (D:10)
  2 trolls (D:11)
  2 shadows (D:10)
  10 yaks
  2 vampire mosquitoes (D:7)
  2 water moccasins (D:6)
  2 ice beasts
  An orc warrior (D:8)
  2 black bears
  2 ogres
  2 kobold brigands
  2 centaurs
  3 bullfrogs (D:7)
  A necrophage (D:6)
  A scorpion (D:5)
  2 wights (D:9)
  8 killer bees
  4 howler monkeys
  3 orc priests
  2 jellies
  4 orc wizards
  2 iguanas
  2 hell rats
  5 adders
  5 gnolls
  A shadow imp (D:7)
  3 white imps
  2 worms
  2 dart slugs
  11 orcs
  4 endoplasms
  3 giant cockroaches
  5 goblins
  5 hobgoblins
  7 jackals
  4 quokkas
  5 ball pythons
  9 bats
  6 frilled lizards
  10 kobolds
  3 rats
153 creatures vanquished.

Vanquished Creatures (collateral kills)
  A komodo dragon (D:9)
  A vampire (D:10)
  4 yaks
  A vampire mosquito (D:7)
  A gnoll sergeant (D:9)
  3 wights (D:9)
  3 killer bees (D:9)
  A gnoll bouda (D:7)
  4 gnolls
  An adder (D:6)
  2 goblins (D:2)
  3 kobolds (D:7)
25 creatures vanquished.

Vanquished Creatures (others)
  5 toadstools (D:2)
5 creatures vanquished.

Grand Total: 183 creatures vanquished

Notes
Turn   | Place    | Note
-------+----------+-------------------------------------------
     0 | D:1      | Newt the Demonspawn Monk began the quest for the Orb.
     0 | D:1      | Reached XP level 1. HP: 18/18 MP: 1/1
   243 | D:1      | Gained mutation: A weak demonic guardian rushes to your
                  | aid. [demonic ancestry]
   243 | D:1      | Reached XP level 2. HP: 24/24 MP: 2/2
   901 | D:1      | Gained mutation: You have large cloven feet. [demonic
                  | ancestry]
   901 | D:1      | Reached XP level 3. HP: 26/29 MP: 3/3
  1415 | D:2      | Reached skill level 1 in Armour
  1590 | D:2      | Reached skill level 1 in Polearms
  2452 | D:3      | Gained mutation: When seriously injured, your blood forms
                  | armour. (AC +9) [demonic ancestry]
  2452 | D:3      | Reached XP level 4. HP: 20/35 MP: 4/4
  3323 | D:4      | Reached skill level 2 in Polearms
  3488 | D:4      | Found an ornate altar of the Wu Jian Council.
  3532 | D:4      | Noticed a black bear
  3538 | D:4      | Killed a black bear
  3539 | D:4      | Reached skill level 1 in Spellcasting
  3539 | D:4      | Reached skill level 1 in Transmutations
  3539 | D:4      | Reached skill level 1 in Evocations
  3539 | D:4      | Reached XP level 5. HP: 27/41 MP: 6/6
  4007 | D:4      | Reached skill level 3 in Polearms
  4007 | D:4      | Gained mutation: Spells you cast may paralyse adjacent
                  | enemies. [demonic ancestry]
  4007 | D:4      | Reached XP level 6. HP: 28/47 MP: 7/7
  4778 | D:5      | Entered Level 5 of the Dungeon
  4778 | D:5      | Found Aboajal's Antique Weapon Shoppe.
  4895 | D:4      | Learned a level 2 spell: Wereblood
  5146 | D:5      | Gained mutation: When seriously injured, your blood forms
                  | thick armour. (AC +9) [demonic ancestry]
  5146 | D:5      | Reached XP level 7. HP: 28/53 MP: 7/9
  5348 | D:5      | Reached skill level 4 in Polearms
  5461 | D:5      | Found a staircase to the Ecumenical Temple.
  5477 | Temple   | Entered the Ecumenical Temple
  5645 | Temple   | Became a worshipper of Gozag Ym Sagoz the Greedy
  5820 | D:5      | Found a bloodstained altar of Trog.
  5888 | D:5      | Bought a glowing glaive for 218 gold pieces
  6067 | D:6      | Found a shadowy altar of Dithmenos.
  6210 | D:6      | Reached skill level 5 in Polearms
  6413 | D:6      | Gained mutation: A demonic guardian rushes to your aid.
                  | [demonic ancestry]
  6413 | D:6      | Reached XP level 8. HP: 59/60 MP: 9/11
  6939 | D:6      | You fall into a shaft and drop 1 floor!
  6957 | D:7      | Reached skill level 6 in Polearms
  7011 | D:7      | Found an ancient bone altar of Kikubaaqudgha.
  7071 | D:7      | Noticed a two-headed ogre
  7076 | D:7      | Killed a two-headed ogre
  7077 | D:7      | Reached skill level 7 in Polearms
  7077 | D:7      | Gained mutation: You have hoof-like feet. [demonic
                  | ancestry]
  7077 | D:7      | Reached XP level 9. HP: 15/66 MP: 12/14
  7432 | D:7      | Reached skill level 8 in Polearms
  7869 | D:8      | Noticed a death yak
  7895 | D:8      | Noticed a death yak
  7897 | D:8      | Noticed a death yak
  8451 | D:9      | Noticed a komodo dragon
  8461 | D:9      | Killed a komodo dragon
  8667 | D:9      | Reached skill level 5 in Fighting
  9345 | D:10     | Entered Level 10 of the Dungeon
  9359 | D:9      | Reached skill level 9 in Polearms
  9359 | D:9      | Reached XP level 10. HP: 27/74 MP: 14/16
 10418 | D:10     | Found a sacrificial altar of Ru.
 10419 | D:10     | Found an iron altar of Okawaru.
 10545 | D:10     | Reached skill level 5 in Armour
 10868 | D:10     | Noticed a red ugly thing
 10881 | D:10     | Killed a red ugly thing
 10882 | D:10     | Reached skill level 10 in Polearms
 11070 | D:10     | Learned a level 1 spell: Beastly Appendage
 11192 | D:10     | Reached skill level 5 in Transmutations
 11415 | D:11     | Reached skill level 5 in Dodging
 11761 | D:11     | Noticed a cyan ugly thing
 12060 | D:11     | Noticed a two-headed ogre
 12067 | D:11     | Noticed a two-headed ogre
 12075 | D:11     | Reached skill level 5 in Spellcasting
 12076 | D:11     | Noticed a two-headed ogre
 12388 | D:11     | Noticed a gargoyle
 12391 | D:10     | HP: 2/76 [two-headed ogre/+0 giant club (16)]
 12391 | D:10     | Mangled by a two-headed ogre

Illustrated notes

Levels and vault maps discovered:
D:1:      dreamdust_arrival_beginning_and_end, layout_basic, serial_forest,
          infiniplex_forest_clump_cross, infiniplex_forest_straight_2,
          infiniplex_forest_straight_1, infiniplex_forest_corner_1,
          infiniplex_forest_fountain, infiniplex_forest_lined_room_3,
          infiniplex_forest_lined_3, infiniplex_forest_end_1,
          infiniplex_forest_lined_room_2, minmay_cupped
D:2:      wad_crossroads, layout_basic, grunt_ministairs_9,
          minmay_gold_behind_fungi
D:3:      layout_basic
D:4:      layout_loops_corners, pdpol_wu_jian_five_deadly_venoms,
          minmay_misc_feat_rugged
D:5:      layout_rooms, lemuel_round_altar, minmay_temple_entry_mini_moons,
          serial_shops, shop_fountains
D:6:      layout_cave_pools, nicolae_dithmenos_shadow_blocks, fountainhead,
          kennysheep_generic_room_15
D:7:      layout_basic, lemuel_crystal_altar, hangedman_decor_growths
D:8:      layout_cave_pods, general_overflow_altar, dpeg_lair_monsters
D:9:      layout_small_grid, minivault_14, dk_noncrumbling_3
D:10:     cheibrodos_helix_gallery, layout_stronghold, jmf_multi_god_temple
D:11:     layout_cave_pools, nicolae_elyvilon_temple_path
Temple:   nicolae_temple_superstar

Skill      XL: |  1  2  3  4  5  6  7  8  9 10 |
---------------+-------------------------------+-----
Armour         | 1 2 3 4 5 |  5.4
Polearms       | 1 2 3 5 7 9 10 | 10.4
Dodging        | 3 4 5 |  5.1
Spellcasting   | 1 2 3 4 5 |  5.0
Transmutations | 1 2 3 4 5 |  5.1
Evocations     | 1 |  1.5
Fighting       | 4 5 |  5.9
Maces & Flails | |  2.6
Staves         | |  0.1
Stealth        | |  1.8

Action                   |  1- 3 |  4- 6 |  7- 9 | 10-12 || total
-------------------------+-------+-------+-------+-------++-------
Melee: Mace              |    21 |       |       |       ||    21
       Glaive            |   125 |   103 |   172 |    89 ||   489
       Kick              |     4 |    17 |    39 |    38 ||    98
       Headbutt          |       |       |       |     1 ||     1
 Cast: Wereblood         |       |     1 |    15 |     6 ||    22
       Beastly Appendage |       |       |       |     1 ||     1
Evoke: Wand              |       |       |       |     7 ||     7
  Use: Scroll            |     5 |     3 |    10 |     7 ||    25
       Potion            |       |     2 |     1 |     6 ||     9
 Stab: Sleeping          |    11 |     7 |     3 |     1 ||    22
       Distracted        |     1 |       |     1 |       ||     2
       Paralysed         |       |       |     6 |     2 ||     8
Armor: Robe              |    15 |       |       |       ||    15
       Leather armour    |    24 |    47 |    55 |    50 ||   176
Dodge: Dodged            |   119 |    66 |   127 |   106 ||   418

Table legend: (Time is in decaauts)
 A = Elapsed time spent in this place.
 B = Non-inter-level travel time spent in this place.
 C = Inter-level travel time spent in this place.
 D = Time resting spent in this place.
 E = Time spent auto-exploring this place.
 F = Levels seen in this place.
 G = Mean time per level.
                   A        B        C        D        E       F      G
               +--------+--------+--------+--------+--------+-----+--------+
         Total |  12632 |  12435 |    197 |   3791 |   6719 |  12 | 1052.7 |
       Dungeon |  12409 |  12233 |    176 |   3791 |   6540 |  11 | 1128.1 |
        Temple |    223 |    202 |     21 |      0 |    179 |   1 |  223.0 |
               +--------+--------+--------+--------+--------+-----+--------+

Top non-repeatable levels by time:
    D:10: 2450 daAuts
     D:4: 2399 daAuts
     D:7: 1213 daAuts
     D:2: 1212 daAuts
     D:1: 1208 daAuts
     D:9: 1181 daAuts
     D:6: 891 daAuts
     D:3: 622 daAuts
     D:5: 560 daAuts
    D:11: 406 daAuts
     D:8: 262 daAuts
  Temple: 223 daAuts
